 Dungeon Crawl Stone Soup version 0.31-a0-1009-g454b1f1e0a (webtiles) character file.

Game seed: 8810603725971326594

10185 Queen the Cleaver (level 11, -3/101 HPs)
             Began as a Hill Orc Monk on Nov 15, 2023.
             Was a Follower of Beogh.
             Slain by Rupert
             ... wielding a +2 battleaxe of electrocution
              (15 damage)
             ... on level 12 of the Dungeon.
             The game lasted 00:21:14 (13224 turns).

Queen the Cleaver (Hill Orc Monk)                  Turns: 13224, Time: 00:21:14

Health: -3/101     AC: 13    Str: 19    XL:     11   Next: 58%
Magic:  14/18      EV: 10    Int: 10    God:    Beogh [*.....]
Gold:   404        SH: 11    Dex: 13    Spells: 10/10 levels left

rFire   + + .        q - +2 war axe (heavy)
rCold   + + .        o - +2 shield of Resistance {rF++ rC++ Will++}
rNeg    + . .        a - +3 ring mail of the Hall of Blades {rPois SInv}
rPois   +            (no helmet)
rElec   .            (no cloak)
rCorr   .            (no gloves)
SInv    +            (no boots)
Will    ++...        e - amulet of regeneration
Stlth   +            i - ring of positive energy
HPRegen 1.16/turn    p - +4 ring of protection
MPRegen 0.16/turn

%: no passive effects
@: no status effects
A: no striking features
a: Renounce Religion


You were on level 12 of the Dungeon.
You worshipped Beogh.
Beogh was aware of your devotion.
You visited 1 branch of the dungeon, and saw 12 of its levels.

You collected 536 gold pieces.
You spent 132 gold pieces at shops.

Inventory:

Hand Weapons
 q - a +2 heavy war axe (weapon)
Missiles
 y - 2 throwing nets
Armour
 a - the +3 ring mail of the Hall of Blades (worn) {rPois SInv}
   (You found it on level 4 of the Dungeon)

   rPois:     It protects you from poison SInv: It lets you see invisible.
 o - the +2 shield of Resistance (worn) {rF++ rC++ Will++}
   (You found it on level 2 of the Dungeon)

   rF++:      It greatly protects you from fire.
   rC++:      It greatly protects you from cold.
   Will++:    It greatly increases your willpower.
 x - the +11 plate armour "Murcho" {Stlth+}
   (You found it on level 6 of the Dungeon)

   Stlth+:    It makes you more stealthy.
Jewellery
 e - an amulet of regeneration (around neck)
 i - a ring of positive energy (left hand)
 p - a +4 ring of protection (right hand)
Wands
 c - a wand of roots (18)
 r - a wand of mindburst (15)
 s - a wand of paralysis (9)
 z - a wand of digging (5)
 G - a wand of flame (4)
Scrolls
 d - a scroll of acquirement
 f - 3 scrolls of identify {@r1}
 g - 7 scrolls of teleportation
 j - 3 scrolls of enchant weapon
 l - 2 scrolls of torment {unknown}
 n - a scroll of amnesia
 u - a scroll of vulnerability
 w - 2 scrolls of fog
 A - a scroll of poison
 D - a scroll of fear {unknown}
 E - a scroll of noise {unknown}
 F - a scroll of summoning {unknown}
Potions
 b - 5 potions of heal wounds
 h - 3 potions of brilliance
 k - 3 potions of curing
 m - a potion of resistance
 t - a potion of might
 v - a potion of magic
 B - a potion of berserk rage
 C - a potion of haste


   Skills:
 + Level 10.3 Fighting
 * Level 13.7 Axes
 + Level 8.6 Armour
 - Level 3.0 Dodging
 - Level 5.0 Shields
 + Level 10.3 Invocations


You had 10 spell levels left.
You didn't know any spells.
Your spell library contained the following spells:

 Spells                   Type           Power      Damage    Failure   Level
 Necrotise                Necr           0%         1d4       82%         1
 Shock                    Conj/Air       0%         1d3       82%         1
 Summon Small Mammal      Summ           0%         N/A       82%         1
 Cigotuvi's Dreadful Rot  Necr/Pois/Air  0%         N/A       91%         2
 Call Canine Familiar     Summ           0%         N/A       99%         3
 Summon Guardian Golem    Hex/Summ       0%         N/A       99%         3
 Swiftness                Air            0%         N/A       99%         3
 Vampiric Draining        Necr           0%         2d6       99%         3
 Airstrike                Air            0%         2d(0-16)  100%        4
 Dispel Undead            Necr           0%         3d6       100%        4
 Agony                    Necr           0%         N/A       100%        5
 Death Channel            Necr           0%         N/A       100%        6


Dungeon Overview and Level Annotations

Branches:
Dungeon (12/15)            Temple (0/1) D:6            Lair (0/5) D:11
    Orc: D:9-12

Altars:
Ashenzari
Elyvilon
Gozag
Ru

Shops:
D:5 !

Annotations:
D:7 2 transporters, pzskc383's ghost, novice GrFi
D:10 3 runed translucent doors, kskgo's ghost, journeyman DsBe
D:12 Rupert


Message History

Rupert the Wild comes into view.
He is wielding a +2 battleaxe of electrocution and wearing a +0 scale mail of poison resistance.
Rupert shouts!
A gargoyle comes into view. It is wielding a +0 mace.
Aiming: Smiting
Press: ? - help, Dir - move target, f - Rupert Smite: Rupert, wielding a +2 battleaxe of electrocution and wearing a +0 scale mail of poison resistance You smite Rupert!!
Rupert is moderately wounded.
Aiming: Smiting
Press: ? - help, Dir - move target, f/p - Rupert Smite: Rupert, wielding a +2 battleaxe of electrocution and wearing a +0 scale mail of poison resistance (moderately wounded)
You smite Rupert!!
Rupert is heavily wounded.
You can no longer smite your foes.
Okay, then.
There is an open door here.
The gargoyle hurls a stone arrow at you.
The stone arrow hits you!! The gargoyle hits you with a +0 mace!
Rupert roars madly and goes into a rage!
Rupert goes berserk!
There is an open door here.
You hit the gargoyle but do no damage. You slice Rupert!!
Rupert is heavily wounded.
Rupert hits you with a +2 battleaxe of electrocution!!!
Rupert misses you.
You slice Rupert!!
Rupert is severely wounded.
You block Rupert's attack.
You barely miss Rupert.
Rupert is severely wounded.
You block Rupert's attack. x2
You slice Rupert!!
Rupert is almost dead.
Rupert hits you with a +2 battleaxe of electrocution!!
* * * LOW HITPOINT WARNING * * *
Rupert hits you with a +2 battleaxe of electrocution!
You die...
Rupert roars with triumph.

#.#### ##.....## ###
#.##.## ##.......##
#.#...####.........#
#........'.........+
###.#...####.........#
.........# ##.......##
.....###.# ##.....##
..#..# #.# ##...##
..#..# #.# ##@##
.....# #.# #@# .###.#
#.# #9.....# #. #.#
#..###.# ..# ....
..... ....... ........
..........


You could see Rupert (berserk) and a gargoyle.

Vanquished Creatures
  2 two-headed ogres (D:10)
  2 ugly things
  A manticore (D:11)
  2 cyclopes
  2 komodo dragons
  5 trolls
  A wyvern (D:9)
  9 yaks
  2 shadows
  2 steam dragons
  4 vampire mosquitoes (D:9)
  Menkaure (D:5)
  2 water moccasins
  2 ice beasts (D:7)
  A black bear (D:5)
  2 wolves (D:11)
  An ogre (D:7)
  2 phantoms
  5 centaurs
  3 kobold brigands
  3 bullfrogs
  A gnoll sergeant (D:9)
  2 scorpions
  3 electric eels (D:11)
  5 howler monkeys
  An orc priest (D:7)
  4 hounds
  3 jellies
  2 gnoll boudas
  2 iguanas
  2 sleepcaps (D:4)
  2 orc wizards
  Ijyb (D:3)
  15 gnolls
  5 adders
  3 white imps
  A worm (D:4)
  A dart slug (D:1)
  11 orcs
  5 ball pythons
  5 endoplasms
  2 giant cockroaches (D:1)
  11 goblins
  4 hobgoblins
  10 jackals
  20 kobolds
  3 quokkas
  4 bats (D:1)
  A rat (D:1)
183 creatures vanquished.

Vanquished Creatures (others)
  An orc priest (D:6)
  2 orcs (D:6)
3 creatures vanquished.

Grand Total: 186 creatures vanquished

Notes
Turn   | Place    | Note
-------+----------+-------------------------------------------
     0 | D:1      | Queen the Hill Orc Monk began the quest for the Orb.
     0 | D:1      | Reached XP level 1. HP: 19/19 MP: 1/1
   175 | D:1      | Reached XP level 2. HP: 25/27 MP: 2/2
   200 | D:1      | Reached skill level 1 in Invocations
   376 | D:1      | Reached skill level 1 in Armour
   482 | D:1      | Reached XP level 3. HP: 31/33 MP: 3/3
  1356 | D:2      | Found the +2 shield of Resistance {rF++ rC++ Will++}
  2068 | D:3      | Noticed a scorpion
  2215 | D:3      | Noticed Ijyb
  2222 | D:3      | Reached XP level 4. HP: 29/40 MP: 5/5
  2238 | D:3      | Killed Ijyb
  2239 | D:3      | Reached skill level 1 in Shields
  2507 | D:3      | You fall into a shaft and drop 2 floors!
  2507 | D:5      | Entered Level 5 of the Dungeon
  2591 | D:5      | Noticed a black bear
  2604 | D:5      | Noticed Menkaure
  2653 | D:5      | Killed a black bear
  2654 | D:5      | Reached XP level 5. HP: 44/47 MP: 6/6
  2662 | D:5      | Noticed a phantom
  2694 | D:4      | Noticed a phantom
  2984 | D:4      | Killed a phantom
  2985 | D:4      | Reached skill level 5 in Axes
  2985 | D:4      | Reached XP level 6. HP: 53/53 MP: 6/8
  2991 | D:4      | Identified the +3 ring mail of the Hall of Blades {rPois
                  | SInv}
  4037 | D:4      | Reached skill level 5 in Fighting
  4038 | D:4      | Reached XP level 7. HP: 61/61 MP: 9/9
  4259 | D:4      | Found a sacrificial altar of Ru.
  4382 | D:4      | Found a broken altar of Ashenzari.
  4384 | D:4      | Found a white marble altar of Elyvilon.
  4838 | D:5      | Reached skill level 6 in Axes
  5032 | D:5      | Found Cylean's Distillery.
  5036 | D:5      | Bought a potion of curing for 33 gold pieces
  5036 | D:5      | Bought a potion of heal wounds for 55 gold pieces
  5036 | D:5      | Bought a potion of might for 44 gold pieces
  5053 | D:5      | Found Cylean's Distillery.
  5310 | D:5      | Killed Menkaure
  5311 | D:5      | Reached XP level 8. HP: 69/69 MP: 11/11
  5538 | D:6      | Became a worshipper of Beogh the Brigand
  5538 | D:6      | Reached * piety under Beogh
  5538 | D:6      | Reached ** piety under Beogh
  5573 | D:6      | Reached skill level 5 in Shields
  5686 | D:6      | Identified the +11 plate armour "Murcho" {Stlth+}
  5815 | D:6      | Found a staircase to the Ecumenical Temple.
  6080 | D:6      | Found a staircase to the Ecumenical Temple.
  6460 | D:7      | Reached skill level 5 in Invocations
  6515 | D:7      | Reached skill level 7 in Axes
  6590 | D:7      | Found a transporter.
  6612 | D:7      | Noticed pzskc383's ghost (novice GrFi)
  6664 | D:7      | Found a transporter.
  6978 | D:7      | Reached skill level 5 in Armour
  6978 | D:7      | Reached XP level 9. HP: 77/79 MP: 13/13
  7421 | D:7      | Found a transporter.
  7425 | D:7      | Found a transporter.
  7920 | D:8      | Reached skill level 8 in Axes
  8227 | D:8      | Identified the +2 trident of Eternal Vigilance {antimagic,
                  | rF+ Str+6}
  9014 | D:9      | Noticed a troll
  9022 | D:9      | Killed a troll
  9132 | D:9      | Reached skill level 9 in Axes
  9353 | D:9      | Reached skill level 10 in Axes
  9360 | D:9      | Reached XP level 10. HP: 60/88 MP: 15/15
  9798 | D:9      | Noticed a green ugly thing
  9803 | D:9      | Killed a green ugly thing
 11246 | D:10     | Entered Level 10 of the Dungeon
 11246 | D:10     | Noticed a two-headed ogre
 11249 | D:10     | Killed a two-headed ogre
 11250 | D:10     | Reached skill level 11 in Axes
 11491 | D:10     | Noticed a two-headed ogre
 11498 | D:10     | Killed a two-headed ogre
 11499 | D:10     | Reached skill level 12 in Axes
 11676 | D:10     | Reached XP level 11. HP: 97/97 MP: 18/18
 11679 | D:10     | Identified a scroll of acquirement
 11686 | D:10     | Found a runed translucent gate.
 11687 | D:10     | Found a runed translucent gate.
 11692 | D:10     | Noticed a two-headed ogre
 11692 | D:10     | Noticed an ogre mage
 11692 | D:10     | Noticed kskgo's ghost (journeyman DsBe)
 11703 | D:10     | Found a runed translucent gate.
 12218 | D:11     | Noticed a manticore
 12224 | D:11     | Killed a manticore
 12276 | D:11     | Found an opulent altar of Gozag.
 12349 | D:11     | Noticed a cyclops
 12356 | D:11     | Killed a cyclops
 12358 | D:11     | Reached skill level 13 in Axes
 12370 | D:11     | Reached skill level 10 in Fighting
 12446 | D:11     | Found a staircase to the Lair.
 12486 | D:11     | Reached skill level 10 in Invocations
 12801 | D:11     | Found an opulent altar of Gozag.
 12856 | D:11     | Found a staircase to the Lair.
 13124 | D:12     | Noticed a cyclops
 13136 | D:12     | Killed a cyclops
 13179 | D:12     | Noticed a purple ugly thing
 13187 | D:12     | Killed a purple ugly thing
 13211 | D:12     | Noticed Rupert
 13224 | D:12     | Slain by Rupert

Illustrated notes

Levels and vault maps discovered:
D:1:      dpeg_arrival_connections, layout_basic
D:2:      layout_rooms, serial_bayou_crossing
D:3:      kennysheep_goblin_castle, layout_basic
D:4:      layout_basic, nicolae_overflow_hidden_temple
D:5:      layout_gridville, serial_shops, nicolae_shop_back_alley_shop,
          uniq_menkaure
D:6:      layout_cave_pools, minmay_temple_entry_glassed_door
D:7:      layout_loops_corners, gammafunk_ghost_hive
D:8:      layout_loops_cross
D:9:      nicolae_cairo_tiling_very_big, layout_cave_pods
D:10:     layout_stronghold, gammafunk_ghost_split
D:11:     layout_cross, erik_lair_island, grunt_gozag_statues
D:12:     layout_loops_corners, kennysheep_orc_monster_closet_entryway,
          lightli_church_of_beogh, uniq_erolcha, uniq_psyche, uniq_rupert

Skill      XL: |  1  2  3  4  5  6  7  8  9 10 11 |
---------------+----------------------------------+-----
Invocations    | 1 2 3 4 6 7 9 10 | 10.3
Armour         | 1 2 3 5 6 7 8 |  8.6
Fighting       | 4 5 7 8 9 10 | 10.3
Shields        | 2 3 4 5 |  5.0
Dodging        | 3 |  3.0
Axes           | 5 6 7 10 12 13 | 13.7

Action                     |  1- 3 |  4- 6 |  7- 9 | 10-12 || total
---------------------------+-------+-------+-------+-------++-------
  Melee: Hand axe          |    91 |    16 |       |       ||   107
         War axe           |       |    32 |   209 |   137 ||   378
 Invoke: Smiting           |       |       |     1 |    14 ||    15
         Convert to Beogh  |       |       |     1 |       ||     1
  Evoke: Wand              |       |     4 |       |       ||     4
    Use: Potion            |       |     2 |     1 |       ||     3
         Scroll            |       |    10 |       |     4 ||    14
 Armour: Robe              |    56 |    22 |       |       ||    78
         Ring mail         |       |    15 |   188 |   132 ||   335
  Dodge: Dodged            |    60 |    23 |   109 |    70 ||   262
  Block: Kite shield       |    23 |    30 |   174 |    99 ||   326

Table legend: (Time is in decaauts)
 A = Elapsed time spent in this place.
 B = Non-inter-level travel time spent in this place.
 C = Inter-level travel time spent in this place.
 D = Time resting spent in this place.
 E = Time spent auto-exploring this place.
 F = Levels seen in this place.
 G = Mean time per level.
                   A        B        C        D        E       F      G
               +--------+--------+--------+--------+--------+-----+--------+
         Total |  13512 |  12896 |    616 |    323 |  10715 |  12 | 1126.0 |
       Dungeon |  13512 |  12896 |    616 |    323 |  10715 |  12 | 1126.0 |
               +--------+--------+--------+--------+--------+-----+--------+

Top non-repeatable levels by time:
     D:9: 2336 daAuts
     D:3: 1817 daAuts
     D:7: 1569 daAuts
     D:5: 1151 daAuts
     D:8: 1070 daAuts
    D:10: 1064 daAuts
     D:1: 1018 daAuts
     D:6: 875 daAuts
     D:2: 861 daAuts
    D:11: 831 daAuts
     D:4: 779 daAuts
    D:12: 137 daAuts
